[Event "10th Amsterdam Science Park 2022"]
[Site "Amsterdam"]
[Date "2022.07.18"]
[Round "1.10"]
[White "Tan, Kevin"]
[Black "Straat, Evert-Jan"]
[Result "1-0"]
[ECO "D40"]
[WhiteElo "2209"]
[BlackElo "1992"]
[Annotator "TA"]
[PlyCount "57"]
[EventDate "2022.07.18"]
[EventCountry "NED"]
[SourceTitle "playchess.com"]
[Source "ChessBase"]
[SourceQuality "1"]
[TimeControl "5400+30"]

1. d4 d5 2. c4 e6 3. Nf3 Nf6 4. Bf4 c5 5. Nc3 a6 6. Rc1 {[%emt 0:03:32] D40: Queen's Gambit Declined: Semi-Tarrasch with 5 e3.} (6. e3 $11) 6... Nc6 ({Black should play} 6... cxd4 $15 7. Nxd4 Nbd7) 7. e3 cxd4 8. Nxd4 {[%emt 0:07:11] The position is equal.} Qb6 (8... Bd7 $11 {remains equal.}) 9. Nb3 {[%emt 0:10:58] [#]} (9. Nxc6 $16 {Strongly threatening Ne5.} bxc6 10. Qc2) 9... Bb4 $146 ({Predecessor:} 9... Be7 10. cxd5 exd5 11. Be2 Be6 12. O-O O-O 13. a3 Rad8 14. Na4 Qa7 15. Bc7 Rd7 {1-0 (32) Soto Hincapie,E (1683)-Lopez Betancourt,B (1919) Cali 2015}) 10. a3 Be7 11. c5 Qd8 12. Bd3 e5 13. Bg3 Be6 14. O-O O-O 15. Bc2 {[%emt 0:05:03] Against Ne4} (15. Qc2 $11) 15... b6 (15... g6 $15) 16. cxb6 $14 Qxb6 17. Na4 Qb5 {[%emt 0:01:24] [#]} 18. Nac5 $1 {[%emt 0:00:46] Prevents Ne4.} Bg4 (18... e4 19. Nxe6) 19. f3 Bh5 20. Bd3 {[%emt 0:01:37] Prevents e4.} Qb6 21. Na4 {[%emt 0:00:40] White is more active.} Qb7 (21... Qxe3+ $2 22. Bf2 Qf4 23. Nb6 $18 (23. Rxc6 Qxa4 24. Qc2 Rab8 $15)) 22. Nbc5 $36 {[%emt 0:00:35][%mdl 2048] Prevents e4. White is in control.} Bxc5 23. Nxc5 Qb6 (23... Qxb2 $16 24. Qc2 (24. Nxa6 Qb6 $11) 24... Qxc2 25. Bxc2 (25. Rxc2 Bg6 $14) 25... Bg6) 24. b4 (24. Na4 $18 Qb7 25. Qc2) 24... Bg6 (24... e4 $1 $14) 25. Be2 $16 Rfd8 26. Bf2 (26. Na4 $142 Qb7 27. Qd2) 26... d4 (26... Ne7 $142) 27. e4 Nd7 (27... Nb8 $16) 28. Qa4 $18 {[%emt 0:02:45] [#] aiming for Nxd7.} Nxc5 (28... Nf8 $142 29. Bc4 (29. Bxa6 Ne7 $18) 29... Ra7) 29. Rxc5 {[%emt 0:00:10] Weighted Error Value: White=0.33/Black=0.42} 1-0

[Event "10th Amsterdam Science Park 2022"]
[Site "Amsterdam"]
[Date "2022.07.19"]
[Round "2.1"]
[White "Zwirs, Nico"]
[Black "Bullen, Alex"]
[Result "1-0"]
[ECO "A13"]
[WhiteElo "2485"]
[BlackElo "2106"]
[Annotator "TA"]
[PlyCount "63"]
[EventDate "2022.07.18"]
[EventCountry "NED"]
[SourceTitle "playchess.com"]
[Source "ChessBase"]
[SourceQuality "1"]
[TimeControl "5400+30"]

1. c4 e6 2. g3 d5 3. Bg2 Nf6 4. Nf3 d4 5. O-O c5 6. e3 Nc6 7. exd4 cxd4 8. d3 h6 {[%emt 0:02:00] A13: English Opening: 1...e6.} 9. Re1 Bd6 10. Na3 O-O {[%emt 0:02:33] The position is equal.} 11. Rb1 Re8 {[%emt 0:05:00] [#]} 12. Bd2 $146 ({Predecessor:} 12. Nc2 a5 13. a3 e5 14. b4 Qc7 15. b5 Nb8 16. Nfxd4 exd4 17. Rxe8+ Nxe8 18. Nxd4 {0-1 (58) Pantsulaia,L (2553)-Lupulescu,C (2656) Tornelo INT 2021}) 12... e5 13. b4 Bf5 ({Black should play} 13... a5 $15 14. Nc2 axb4) 14. Rb3 (14. c5 $14 {stays ahead.} Bc7 15. b5) 14... Qd7 ({Black should try} 14... a5 $17 15. bxa5 Nxa5 16. Bxa5 Rxa5) 15. c5 Bc7 16. Nc4 e4 17. dxe4 Nxe4 18. b5 Nd8 {[%emt 0:05:32] [#]} (18... Nxd2 $14 19. Rxe8+ Rxe8 20. Qxd2 Ne5 21. Ncxe5 Bxe5) 19. Bb4 $1 $16 Qxb5 $2 {[%emt 0:18:01][%mdl 8192] This costs Black the game.} (19... Ne6 $16) 20. Nxd4 $18 Qxc4 21. Nxf5 Nf6 22. Rxe8+ Nxe8 23. Bd5 Qa6 24. Qg4 {[%emt 0:02:56] Strongly threatening Re3.} Qf6 25. Re3 Ne6 26. Bc3 {[%emt 0:02:48] This bishop pair is nice.} Qg5 {[%emt 0:00:40] [#]} 27. Bxe6 $1 fxe6 28. Qxg5 hxg5 29. Rxe6 {[%emt 0:00:01] Hoping for Re7.} Rd8 $2 (29... Kf8 30. Kg2 Rd8) 30. Re7 g6 (30... Kf8 $18 31. Bxg7+ Nxg7) 31. Nh6+ Kf8 32. Rf7# {[%emt 0:00:04] Weighted Error Value: White=0.40/Black=0.90} 1-0

[Event "10th Amsterdam Science Park 2022"]
[Site "Amsterdam"]
[Date "2022.07.19"]
[Round "2.2"]
[White "Schagen, Walt"]
[Black "Van Delft, Merijn"]
[Result "0-1"]
[ECO "B81"]
[WhiteElo "2107"]
[BlackElo "2383"]
[Annotator "TA"]
[PlyCount "140"]
[EventDate "2022.07.18"]
[EventCountry "NED"]
[SourceTitle "playchess.com"]
[Source "ChessBase"]
[SourceQuality "1"]
[TimeControl "5400+30"]

1. e4 c5 2. Nf3 d6 3. d4 cxd4 4. Nxd4 Nf6 5. Nc3 a6 6. h3 e6 7. g4 Nfd7 8. g5 b5 9. Bg2 Bb7 10. O-O {[%emt 0:01:19] B81: Sicilian Scheveningen: Keres Attack.} Nc6 {[%emt 0:04:57] [#]} 11. a4 $146 ({Predecessor:} 11. Re1 Be7 12. Nxc6 Bxc6 13. Qd4 O-O 14. b3 Bxg5 15. Qxd6 Rc8 16. Bxg5 Qxg5 17. Re3 Rfd8 {0-1 (35) Abdumalik,Z (2478)-Hou,Y (2658) Chess.com INT 2020}) 11... b4 12. Nce2 {[%emt 0:04:41] The position is equal.} Nxd4 13. Qxd4 a5 14. c3 Nc5 15. Qe3 (15. cxb4 Nb3 16. Qd3 Nxa1 $17) 15... bxc3 (15... Nb3 $5 16. Rb1 Be7 $15) 16. bxc3 Be7 17. Nd4 O-O 18. Rd1 Ra6 19. c4 Qa8 20. Nb5 $1 Rc8 {[%emt 0:03:06][%cal Rb7e4] Prevents Nc7.} (20... Nxe4 $2 21. Nc7 Qc8 22. Nxa6 Nxg5 23. Qa7 Nxh3+ 24. Kh2 (24. Bxh3 Qc6 $16) 24... Qxc4 25. Qxb7 $18 (25. Bxb7 Qh4 $11)) 21. f3 e5 22. h4 Ne6 23. Bh3 (23. Ba3 $11) 23... d5 $15 24. Ba3 (24. exd5 $2 Bc5 25. dxe6 Bxe3+ 26. Bxe3 Rxe6 $19) 24... d4 25. Qb3 Bxa3 26. Qxa3 Rxc4 27. Qe7 Nf4 28. Bf1 (28. Bf5 $15) 28... Re6 $17 29. Qa3 (29. Qd7 $17 {was the only chance.} Qc8 30. Qxc8+ Rxc8 31. Rdc1) 29... Rcc6 $19 30. Rac1 Qd8 {[%emt 0:00:44] Against Nc7. aiming for ...h6.} 31. Qb3 (31. Rb1 $142 Ba6 32. Na7) 31... h6 32. Bc4 hxg5 33. h5 {[%emt 0:00:59] [#]} g4 $1 34. Bxe6 Rxe6 35. Nxd4 {[%emt 0:00:33] [#]} Qh4 $1 36. Nf5 {[%emt 0:01:21] [#]} Qh3 $2 37. Rd2 $1 $11 Ba6 $2 (37... gxf3 $11 38. Qxb7 Ne2+ 39. Rxe2 Qg4+ 40. Kh1 fxe2) 38. Rh2 $2 (38. Qb8+ Kh7 39. Qf8 Nxh5 40. Rh2 (40. Qxf7 Rf6 $11)) 38... Ne2+ $18 {[%emt 0:00:37] [#]} (38... Qxf3 $2 39. Qb8+ Kh7 40. Qf8 Qe3+ 41. Nxe3 $18) 39. Kh1 $2 ({White must play} 39. Rxe2 $1 $18 {[%mdl 512] Qb8+ would kill now.} gxf3 40. Rf2 Qg4+ 41. Kh1 Qxe4 {[#]} 42. Nxg7 $1 (42. Rxf3 $2 Be2 $19) (42. Qxf3 Qxf3+ 43. Rxf3 Bb7 $16) 42... Kxg7 43. Rg1+ (43. Rxf3 $2 Rf6 $19) (43. Qxf3 $2 Qxf3+ 44. Rxf3 Bb7 $19) 43... Kf6 44. Rxf3+ (44. Qxf3+ Qxf3+ 45. Rxf3+ Ke7 $16) 44... Ke7 45. Rg7 Qh4+ 46. Kg2 Qxh5 47. Rgxf7+ (47. Rfxf7+ Qxf7 48. Rxf7+ Kxf7 $16) 47... Qxf7 48. Rxf7+ Kxf7 49. Kf3) 39... Qxf3+ $40 {[%emt 0:00:23][%mdl 128] White needs to defend precisely.} 40. Qxf3 gxf3 {[%emt 0:00:05] Dancing on a razor blade.} 41. Rf1 (41. h6 $17 {is more resistant.} gxh6 42. Rc7) 41... Bd3 $19 42. Rh4 Nf4 43. Rf2 Bxe4 44. Nd4 (44. Ng3 $142 Bc6 45. Kg1) 44... Rb6 45. Kh2 (45. Kg1 $142 Rb4 46. Rd2) 45... exd4 46. Rxf4 {[%emt 0:00:00][%mdl 4096] Endgame KRR-KRB} f5 47. Kg3 d3 48. Rh4 Kh7 49. Kf4 Rb1 50. h6 gxh6 {[%emt 0:00:00] Threatens to win with ...Kg7.} 51. Ke5 Rb6 52. Rfh2 Kg7 {[%emt 0:00:00] White must now prevent ...Rc6.} 53. R4h3 Kf7 54. Rd2 Re6+ 55. Kd4 Kg6 56. Rdh2 Kg7 {[%emt 0:01:10] Hoping for ...Rc6.} 57. Ke3 Rg6 {[%emt 0:00:18] And now ...Rg2 would win.} 58. Rd2 Rg2 59. Rh2 Kg6 {[%emt 0:00:39] ...Kg5 is the strong threat.} 60. Kf4 h5 61. Rb2 Bc6 62. Ke3 h4 {[%emt 0:01:00] Strongly threatening ...Kg5.} 63. Kxd3 Kg5 {[%emt 0:00:18] ( -> ...Rxh2)} 64. Kd4 Rxb2 {[%emt 0:01:32] Black mates.} 65. Rxb2 {[%emt 0:00:05] KR-KB} Kf4 66. Ra2 h3 67. Kc5 Be4 68. Kd4 Kg3 69. Ke3 h2 70. Ra1 f2 {[%emt 0:00:07] Black used his chance.  Weighted Error Value: White=1.02/Black=0.29 (precise)} 0-1

[Event "10th Amsterdam Science Park 2022"]
[Site "Amsterdam"]
[Date "2022.07.19"]
[Round "2.3"]
[White "Bosboom, Manuel"]
[Black "Bogaard, Milo"]
[Result "1-0"]
[ECO "A05"]
[WhiteElo "2381"]
[BlackElo "2079"]
[Annotator "TA"]
[PlyCount "71"]
[EventDate "2022.07.18"]
[EventCountry "NED"]
[SourceTitle "playchess.com"]
[Source "ChessBase"]
[SourceQuality "1"]
[TimeControl "5400+30"]

1. Nf3 c5 2. b3 Nf6 3. Bb2 g6 4. e4 Bg7 5. e5 Nd5 6. h4 {[%emt 0:14:53] A05: Réti Opening: 1 Nf3 Nf6.} d6 7. h5 Bg4 {[%emt 0:06:41] [#]} 8. Bc4 $146 {[%emt 0:09:54] Black is slightly better.} ({Predecessor:} 8. Bb5+ Nc6 9. hxg6 hxg6 10. Rxh8+ Bxh8 11. Qe2 Bxf3 12. Qxf3 Bxe5 13. Bxe5 dxe5 14. Na3 {1-0 (41) Peng,S (2390)-Ikeda,J (2437) Paracin 2018}) 8... e6 9. Nc3 Nxc3 ({Black should try} 9... Bxe5 $17 {White must now prevent ...Nf4.} 10. hxg6 hxg6 11. Rxh8+ Bxh8) 10. Bxc3 $15 dxe5 11. h6 Bf6 12. Qe2 Nc6 13. Bb5 Qd5 14. Qe3 Bxf3 15. gxf3 Ke7 16. Bxc6 Qxc6 (16... bxc6 17. O-O-O $11) 17. Rg1 Rhd8 18. Rg4 Rd5 19. Re4 Rad8 20. O-O-O b5 (20... Bh8 {seems wilder.} 21. Bxe5 Rxe5 22. Rxe5 Bxe5 23. Qxe5 Qd5) 21. d3 b4 22. Bb2 a5 23. Re1 a4 24. f4 {[%emt 0:02:06] [#]} (24. Bxe5 $17 Rxe5 25. Rxe5 Bxe5 26. Qxe5) 24... exf4 $1 $19 (24... axb3 25. fxe5 bxa2 26. exf6+ Kf8 27. Re5 $11) 25. Bxf6+ Kxf6 26. Rxf4+ ({But not} 26. Qxf4+ Ke7 27. Qh4+ g5) 26... Rf5 $2 (26... Ke7 $19 {...Qd6 is the strong threat.} 27. Qf3 f5) 27. Qe5+ Ke7 28. Rxf5 gxf5 29. Qxf5 axb3 $11 {[%emt 0:00:42][%mdl 4096] [#] Endgame aiming for ...Rd5. KQR-KQR} 30. Qg5+ ({Of course not} 30. cxb3 Rd5 31. Qxh7 Rh5 $11) 30... Ke8 31. axb3 Qd6 (31... Qd5 $14 32. Qg8+ Ke7 33. Qxh7 Qg5+ 34. Kb1 Qf6) 32. Re4 ({White should play} 32. Re5 $16) 32... Qa6 ({Better is} 32... Qe7 $14 33. Qg8+ Kd7 34. Qxh7 Qg5+ 35. Kd1 Qh5+ 36. Kd2 Qf3) 33. Qxc5 {[%emt 0:01:52] Hoping for Rg4.} Rc8 34. Qd4 {[%emt 0:00:48] And now Rf4 would win. White is much more active.} Qa3+ $2 (34... Qa2 $16 35. Qb2 (35. Qh8+ Kd7 $16) 35... Qxb2+ 36. Kxb2 Rb8) 35. Kd2 $18 {[%emt 0:00:34] White threatens Qh8+ and mate.} Qa2 36. Qh8+ {[%emt 0:00:12] White used his chance.  Weighted Error Value: White=0.17 (very precise) /Black=0.72} 1-0

[Event "10th Amsterdam Science Park 2022"]
[Site "Amsterdam"]
[Date "2022.07.19"]
[Round "2.4"]
[White "Pronk, Sven"]
[Black "Blom, Vincent"]
[Result "0-1"]
[ECO "A45"]
[WhiteElo "2105"]
[BlackElo "2325"]
[Annotator "TA"]
[PlyCount "70"]
[EventDate "2022.07.18"]
[EventCountry "NED"]
[SourceTitle "playchess.com"]
[Source "ChessBase"]
[SourceQuality "1"]
[TimeControl "5400+30"]

1. d4 Nf6 2. Bg5 e6 3. e4 h6 4. Bxf6 Qxf6 5. Nc3 Bb4 6. Qd3 {[%emt 0:00:17] A45: Trompowsky Attack.} e5 {[%emt 0:14:48] [#]} 7. d5 $146 (7. dxe5 $14 Qxe5 8. Nge2) ({Predecessor:} 7. dxe5 Qxe5 8. Nge2 b6 9. O-O-O Ba6 10. Qd5 Qxd5 11. Nxd5 Bd6 12. Nd4 Kd8 13. f4 Re8 {½-½ (34) Sorm,D (2319)-Melia,S (2473) Caleta 2015}) 7... O-O 8. Nf3 {[%emt 0:07:31] Black has an edge.} d6 9. Rg1 (9. a3 $11 {keeps the balance.} Ba5 10. Be2) 9... Nd7 $17 10. Qe3 Bc5 11. Qd2 a6 12. Be2 b5 13. g4 Qf4 14. g5 {[%emt 0:11:21] [#]} (14. Qxf4 $17 exf4 15. a3) 14... hxg5 $1 $19 15. Rxg5 Qxd2+ (15... b4 $19 16. Qxf4 exf4) 16. Nxd2 $17 Nf6 17. Bf3 g6 18. Ke2 Kg7 19. h4 Rh8 20. Rh1 Bd7 21. Nd1 (21. Rgg1 $17) 21... Rh6 $19 22. Rg2 Rah8 23. Rgh2 Kf8 24. Ne3 (24. Nf1 $17) 24... Bxe3 (24... g5 $19 25. Bg2 Rh5) 25. Kxe3 $17 g5 26. Nf1 (26. h5 $17) 26... gxh4 27. Ke2 (27. Be2 {was called for.}) 27... c6 28. Ne3 (28. dxc6 $142 Bxc6 29. Ne3) 28... cxd5 $19 29. Nxd5 Nxd5 30. exd5 Bf5 {[%emt 0:01:25] Against Be4} 31. Rc1 Ke7 32. c4 (32. Ke3 {was necessary.}) 32... Rc8 33. b3 h3 34. Kd2 Rh4 35. cxb5 {[%emt 0:00:32] [#]} (35. Be2 $19) 35... Rd4+ {[%emt 0:00:08] Weighted Error Value: White=0.57/Black=0.14 (very precise)} 0-1

[Event "10th Amsterdam Science Park 2022"]
[Site "Amsterdam"]
[Date "2022.07.19"]
[Round "2.5"]
[White "Van Baar, Esper"]
[Black "Brouwer, Rein"]
[Result "0-1"]
[ECO "B11"]
[WhiteElo "2281"]
[BlackElo "2076"]
[Annotator "TA"]
[PlyCount "106"]
[EventDate "2022.07.18"]
[EventCountry "NED"]
[SourceTitle "playchess.com"]
[Source "ChessBase"]
[SourceQuality "1"]
[TimeControl "5400+30"]

1. e4 c6 2. Nc3 d5 3. Nf3 dxe4 4. Nxe4 Nf6 5. Qe2 Nxe4 6. Qxe4 Qa5 {[%emt 0:00:53] B11: Caro-Kann: Two Knights Variation.} 7. c3 Bf5 8. Qf4 e6 {[%emt 0:00:22] The position is equal.} 9. d4 Nd7 10. Be2 Be7 11. O-O O-O 12. a4 {[%emt 0:06:23] [#]} Nf6 $146 ({Predecessor:} 12... Bg6 13. b4 Qd5 14. Rd1 Bf6 15. Qg3 Qb3 16. Bd2 e5 17. dxe5 Nxe5 18. Nxe5 Bxe5 19. Qxe5 {½-½ (78) Brunello,M (2379)-Mkrtchyan,M (2093) Iasi 2021}) 13. b4 Qd8 14. a5 Bd6 (14... Nd5 $5 15. Qd2 Bd6 $11) 15. Qd2 Qc7 16. Qb2 Nd5 (16... b5 $11) 17. g3 (17. c4 $14) 17... b5 $11 18. Re1 Bg4 19. Bd2 h5 20. Kg2 Rfe8 21. Bd3 Bxf3+ 22. Kxf3 e5 23. Kg2 Rab8 24. Re2 (24. Rac1 $14) 24... exd4 25. cxd4 Rxe2 26. Bxe2 {[%emt 0:00:14] A strong pair of Bishops.} Qe7 27. Bxh5 Bxb4 28. Re1 Qd6 29. Bxb4 Nxb4 30. Qb3 {[%emt 0:10:01] Against Nd3} Qd5+ 31. Qxd5 Nxd5 {[%emt 0:01:20][%mdl 4096] Endgame KRB-KRN} 32. Bd1 Kf8 33. Bb3 Rd8 {[%emt 0:00:19] White must now prevent ...Ne7.} 34. Re4 Nc3 35. Rf4 {[%emt 0:16:57] [#]} Nd5 {[%emt 0:00:22] Black is more active.} (35... Rd7 $1 $17 {aiming for ...Ne2.} 36. Kf3 Nd5) 36. Rh4 Ke7 37. Re4+ Kf8 38. Kf3 $2 {[%emt 0:00:00] White is now going downhill.} (38. Rh4 $11) 38... Nf6 $19 39. Rf4 {[%emt 0:00:00] [#]} (39. Rh4 $142) 39... c5 $1 40. Ke2 c4 ({Weaker is} 40... cxd4 41. g4 $11) (40... Rxd4 41. Rxd4 cxd4 42. Kd3 $16) 41. Ba2 (41. Bd1 {was necessary.}) 41... Nd5 42. Rf3 {[%emt 0:00:00] Prevents Nc3+.} Nb4 43. Bb1 Rxd4 44. Bg6 Rd7 45. Bf5 Re7+ 46. Kd2 Nd5 47. Bc8 $2 (47. Bc2) 47... b4 48. Ba6 Re4 49. Rf5 Rd4+ 50. Kc1 b3 {[%emt 0:00:00] ...c3 is the strong threat.} 51. Rf3 (51. Bxc4 $142 Rxc4+ 52. Kb2) 51... c3 52. Bd3 Nb4 53. Be2 Na2+ {[%emt 0:01:07] Weighted Error Value: White=0.54/Black=0.17 (very precise)} 0-1

[Event "10th Amsterdam Science Park 2022"]
[Site "Amsterdam"]
[Date "2022.07.19"]
[Round "2.6"]
[White "Labruyere, Roger"]
[Black "Stolwijk, Colin"]
[Result "1/2-1/2"]
[ECO "B12"]
[WhiteElo "2070"]
[BlackElo "2277"]
[Annotator "TA"]
[PlyCount "121"]
[EventDate "2022.07.18"]
[EventCountry "NED"]
[SourceTitle "playchess.com"]
[Source "ChessBase"]
[SourceQuality "1"]
[TimeControl "5400+30"]

1. e4 c6 2. d4 d5 3. e5 Bf5 4. Nd2 e6 5. Nb3 Nd7 6. Nf3 Qc7 {[%emt 0:00:27] B12: Caro-Kann: Advance Variation.} 7. Be2 c5 {[%emt 0:00:22] [#]} 8. Be3 $146 ({Predecessor:} 8. dxc5 Bxc5 9. Nxc5 Qxc5 10. c3 Ne7 11. Be3 Qc7 12. Nd4 Nxe5 13. Nb5 Qd7 14. Nxa7 {0-1 (28) So,W (2775)-Keymer,V (2675) Chess.com INT 2022}) 8... c4 9. Nc1 h6 (9... O-O-O $15) 10. O-O $11 Ne7 11. Nh4 (11. a4 $11) 11... Be4 12. f3 Bh7 13. f4 {[%emt 0:00:12] Against g5} O-O-O 14. c3 Nc6 15. b3 Be7 16. Bf2 (16. Nf3 $11 {remains equal.}) 16... Ba3 ({Black should play} 16... g5 $1 $17 17. Nf3 gxf4) 17. Qd2 b5 (17... Nb6 $11) 18. f5 ({Only move:} 18. Bg4 $1 $14) 18... exf5 $15 {[%emt 0:04:38] Threatens to win with ...g5.} 19. Bg3 f4 20. Bxf4 {[%emt 0:02:29][%cal Oe5e6] Strongly threatening e6!} g5 21. e6 $1 gxf4 22. exd7+ Kb7 (22... Kxd7 23. Bg4+ Ke8 24. Ne2 $14 (24. bxc4 dxc4 25. Bf5 Be7 $16)) (22... Qxd7 $15 23. Rxf4 Rdg8) 23. bxc4 (23. Bg4 $14) 23... bxc4 (23... dxc4 $5 24. Rxf4 Be7 $11) 24. Bg4 Rhg8 (24... Be7 $14 25. Nf5 h5 26. Nxe7 Nxe7) 25. Bf5 $1 $16 Bxf5 26. Nxf5 Qxd7 (26... Ne7 $142 27. Nxh6 Rg7) 27. Qxf4 Ka8 28. Ne2 Rde8 29. Qf3 {[%emt 0:02:14] Hoping for Ne3.} ({Stronger than} 29. Nxh6 Bd6 30. Qd2 (30. Qxf7 Qxf7 31. Rxf7 Rg6 $17) 30... Qh3 $11) 29... Rg6 30. Rae1 Re4 (30... Rf6 $142 31. Qh5 Ree6) 31. Neg3 (31. Ne3 $18 {has better winning chances.}) 31... Rxe1 32. Rxe1 {[%emt 0:00:02] Black must now prevent Ne3.} Re6 (32... Rf6 $16) 33. Re2 (33. Ne3 $18) 33... Rxe2 $2 (33... Rf6 $16 {is a better defense.}) 34. Nxe2 $18 {[%emt 0:01:08] Pair of Knights!} ({Not} 34. Qxe2 Bc1 $14) 34... Qe6 35. Ne3 Ne7 36. Nf4 Qe4 37. Qxe4 ({Less strong is} 37. Nfxd5 Qxf3 38. gxf3 Nxd5 39. Nxd5 Kb7 $16) 37... dxe4 38. Nxc4 {[%emt 0:00:11][%mdl 4096] Endgame KBN-KNN} Bc1 {[%emt 0:00:07] [#]} 39. Ne2 Bg5 40. Ng3 Nd5 (40... f5 {was necessary.} 41. Nd6 Bd2 42. Ndxf5 Nxf5 43. Nxf5 Bxc3) 41. Nxe4 f5 42. Nxg5 hxg5 {[%emt 0:00:00] KN-KN} 43. Nd6 Nxc3 44. Nxf5 Nxa2 45. Kf2 a5 46. Nd6 (46. Kf3 $18) 46... a4 47. Nc4 (47. Ke3 $16) 47... Kb7 $14 48. Nb2 ({White should try} 48. Na3 $16 Nc3 49. Ke3) 48... Nc3 $11 {[%emt 0:00:00] And now ...a3 would win.} 49. Nxa4 Nxa4 {[%emt 0:00:00] KN-K3P} 50. Kf3 {[%emt 0:00:00] Kg4 is the strong threat.} Kc6 51. Kg4 Kd5 52. Kxg5 Kxd4 $2 {[%emt 0:00:00][%mdl 8192] [#] KN-KPP} (52... Ke6 $11) 53. h4 $2 (53. Kf5 $1 $18 Kc5 54. h4) 53... Ke5 {[%emt 0:00:00] The position is equal.} 54. g4 Nc5 55. Kg6 Ne6 56. g5 Nf4+ 57. Kh6 Kf5 58. h5 Ne6 59. g6 {[%emt 0:00:00] g7 would kill now.} Kf6 {[%emt 0:00:06] Against g7} 60. Kh7 Nf8+ 61. Kg8 {[%emt 0:00:00] Weighted Error Value: White=0.38/Black=0.29 (precise)} 1/2-1/2

[Event "10th Amsterdam Science Park 2022"]
[Site "Amsterdam"]
[Date "2022.07.19"]
[Round "2.7"]
[White "De Groote, Ewoud"]
[Black "Berrevoets, Jeroen"]
[Result "0-1"]
[ECO "C07"]
[WhiteElo "2245"]
[BlackElo "2064"]
[Annotator "TA"]
[PlyCount "100"]
[EventDate "2022.07.18"]
[EventCountry "NED"]
[SourceTitle "playchess.com"]
[Source "ChessBase"]
[SourceQuality "1"]
[TimeControl "5400+30"]

1. e4 e6 2. d4 d5 3. Nd2 c5 4. exd5 Qxd5 5. dxc5 Nf6 6. Ngf3 {[%emt 0:02:31] C07: French Tarrasch: 3...c5, 4 Ngf3 and 4 exd5 Qxd5.} Qxc5 7. Bd3 Be7 8. Qe2 {[%emt 0:04:31] The position is equal.} Nbd7 9. O-O O-O 10. Ne4 Nxe4 11. Qxe4 {[%emt 0:00:08][%csl Gd3][%cal Re4h7] [#]} Nf6 12. Qh4 Rd8 13. Be3 {[%emt 0:03:00] [#]} Qh5 $146 ({Predecessor:} 13... Qb4 14. Bd4 e5 15. Bxe5 Qxh4 16. Nxh4 Ng4 17. Nf3 Nxe5 18. Nxe5 Be6 19. Rfe1 Bf6 {1-0 (71) Rudolf,A (2313)-Rapport,J (2341) Pozarevac 2009}) 14. Qxh5 Nxh5 15. Rfd1 Nf6 16. a4 h6 17. c3 Nd5 18. Bd4 a6 (18... Bd7 $11) 19. Ne5 $14 Nf4 20. Bf1 f6 21. Nc4 e5 22. Bb6 (22. Nb6 $5 Bg4 23. Nxa8 Bxd1 24. Rxd1 $14) 22... Rxd1 23. Rxd1 Be6 24. f3 (24. Nd6 $14 {might be stronger.}) 24... Rc8 (24... Nd5 $5 25. Bf2 b5 26. axb5 axb5 $11) 25. Na5 Nd5 26. Bf2 b6 27. c4 (27. Bc4 $11 {remains equal.}) 27... Nc3 $1 $17 ({Of course not} 27... bxa5 28. cxd5 Rd8 29. Bc4 $11) 28. bxc3 bxa5 29. Bb6 Bc5+ 30. Bxc5 Rxc5 {[%emt 0:00:02][%mdl 4096] Endgame KRB-KRB} 31. Rd8+ Kf7 32. Bd3 Ke7 ({Black should play} 32... Bxc4 $17 {aiming for ...Ke7.} 33. Be4 Be6) 33. Rb8 (33. Ra8 $1 $11 {keeps the balance.}) 33... Kd7 (33... Bxc4 $17 34. Rb7+ Kd6) 34. Rb6 Rc6 35. c5 {[%emt 0:00:39] This move loses the game for White.} ({Better is} 35. Rb7+ $15 Rc7 36. Rb6) 35... Rxb6 $19 ({Weaker is} 35... Rxc5 36. Rxa6 Ke7 37. Bb5 $11) 36. cxb6 {[%emt 0:00:01] KB-KB} Kc6 37. Bxa6 Kxb6 38. Bb5 Kc5 {[%emt 0:00:30] White must now prevent ...Bc4.} 39. Kf2 Bc4 40. Be8 Bd5 41. Bb5 (41. Ke2 $142) 41... Bc6 42. c4 Bb7 43. Ke3 Bc8 44. g3 (44. Kd3 $142) 44... Be6 45. Kd3 Bf5+ 46. Kc3 (46. Ke3 {is a better defense.}) 46... g5 {[%emt 0:00:00] [#] Threatens to win with ...Bh3. Black is clearly winning.} 47. Be8 (47. g4 $142 Bc8 48. Kd3) 47... Bh3 48. Bf7 Bg2 49. Bd5 Bf1 50. Be4 Be2 {[%emt 0:10:24] Weighted Error Value: White=0.37/Black=0.10 (very precise)} 0-1